 Dungeon Crawl Stone Soup version 0.31-a0-1300-gb6740aa4e6 (webtiles) character file.

Game seed: 18201190951075004754

52 grandjackal the Conjurer (level 3, -1/19 HPs)
             Began as a Deep Elf Conjurer on Dec 19, 2023.
             Killed from afar by an orc wizard (4 damage)
             ... with a magic dart
             ... on level 2 of the Dungeon.
             The game lasted 00:02:22 (1650 turns).

grandjackal the Conjurer (Deep Elf Conjurer)        Turns: 1650, Time: 00:02:23

Health: -1/19      AC:  2    Str:  4    XL:     3   Next: 60%
Magic:  1/10       EV: 12    Int: 24    God:
Gold:   141        SH:  0    Dex: 13    Spells: 4/10 levels left

rFire   + . .        c - +0 short sword
rCold   . . .        (no shield)
rNeg    . . .        a - +0 robe
rPois   .            (no helmet)
rElec   .            (no cloak)
rCorr   .            (no gloves)
SInv    .            (no boots)
Will    .....        (no amulet)
Stlth   ++           g - ring of protection from fire
HPRegen 0.23/turn    (no ring)
MPRegen 0.12/turn

%: no passive effects
@: no status effects
A: no striking features
a: no special abilities


You were on level 2 of the Dungeon.
You visited 1 branch of the dungeon, and saw 3 of its levels.

You collected 141 gold pieces.

Inventory:

Hand Weapons
 c - a +0 short sword (weapon)
Armour
 a - a +0 robe (worn)
Jewellery
 g - a ring of protection from fire (left hand)
Scrolls
 h - a scroll of enchant armour {unknown}
 i - 2 scrolls of identify {unknown}
 j - 3 scrolls of enchant weapon {unknown}
 m - a scroll of vulnerability {unknown}
Potions
 b - 2 potions of magic
 d - a potion of brilliance {unknown}
 e - 4 potions of curing {unknown}
 f - a potion of haste {unknown}
 k - a potion of berserk rage {unknown}
 l - 2 potions of enlightenment {unknown}


   Skills:
 - Level 2.4 Dodging
 - Level 2.4 Stealth
 + Level 4.3 Spellcasting
 + Level 5.1 Conjurations
 + Level 1.1 Hexes


You had 4 spell levels left.
You knew the following spells:

 Your Spells              Type           Power      Damage    Failure   Level
a - Magic Dart            Conj           100%       1d8       1%          1
b - Searing Ray           Conj           58%        2d6       1%          2
c - Dazzling Flash        Conj/Hex       40%        N/A       8%          3

Your spell library contained the following spells:

 Spells                   Type           Power      Damage    Failure   Level
 Shock                    Conj/Air       68%        1d7       3%          1
 Fulminant Prism          Conj/Hex       10%        3d9       26%         4
 Ozocubu's Armour         Ice            5%         N/A       28%         3
 Swiftness                Air            5%         N/A       28%         3
 Iskenderun's Mystic Bla  Conj/Tloc      17%        2d5       32%         4
 Airstrike                Air            2%         2d(1-17)  67%         4
 Metabolic Englaciation   Hex/Ice        3%         N/A       91%         5
 Simulacrum               Ice/Necr       2%         N/A       100%        6


Dungeon Overview and Level Annotations

Branches:
Dungeon (3/15)

Altars:


Message History

Something hits you.
The orc priest begins to cast a cantrip, but forgets the words!
You climb upwards.
Reactivating autopickup.
There is a stone staircase leading down here.
Casting: Magic Dart (safe; 1% risk of failure)
Confirm with . or Enter, or press ? or * to list all spells.
Aiming: Searing Ray (safe; 1% risk of failure)
Press: ? - help, Shift-Dir - straight line The searing ray hits something. (Press . to maintain the ray.)
Something completely misses you.
Unknown command.
The searing ray hits something.
Something hits you but does no damage.
Deactivating autopickup; reactivate with Ctrl-A.
The searing ray hits something.
Something hits you.
You finish channelling your searing ray.
Something hits you.
Casting: Searing Ray (safe; 1% risk of failure)
Confirm with . or Enter, or press ? or * to list all spells.
Aiming: Searing Ray (safe; 1% risk of failure)
Press: ? - help, Shift-Dir - straight line (Press . to maintain the ray.)
Something hits you but does no damage.
The searing ray hits something.
Something hits you. Something hits you.
You finish channelling your searing ray.
You hear some strange, mumbled words.
A puff of flame appears from out of thin air!
The puff of flame misses you.
You aren't carrying any items that you can evoke.
You closely miss something. Something hits you.
A magic dart appears from out of thin air!
The magic dart hits you!
* * * LOW HITPOINT WARNING * * *
You hear some strange, mumbled words.
Something tries to affect you, but you resist.
A magic dart appears from out of thin air!
The magic dart hits you.
You die...

#####.#
#....##.#
.....(#
####.##.#
..).###
#..).###
....#
###....#
....#
##.##.######
....#
#..........#
....#
#..........#
....#
#..........#
....#
#..@.{>...>#
#####
#..........#
#..).......#
############


There were no monsters in sight!

Vanquished Creatures
  3 dart slugs
  An orc (D:3)
  6 endoplasms
  A giant cockroach (D:1)
  4 goblins
  5 hobgoblins
  4 quokkas
  2 ball pythons
  5 bats
  2 frilled lizards
  5 kobolds
  2 rats
40 creatures vanquished.

Notes
Turn   | Place    | Note
-------+----------+-------------------------------------------
     0 | D:1      | grandjackal the Deep Elf Conjurer began the quest for the
                  | Orb.
     0 | D:1      | Reached XP level 1. HP: 10/10 MP: 6/6
   322 | D:1      | Reached XP level 2. HP: 15/15 MP: 4/8
   382 | D:1      | Learned a level 2 spell: Searing Ray
   946 | D:2      | Reached skill level 5 in Conjurations
   946 | D:2      | Reached XP level 3. HP: 19/19 MP: 7/10
   950 | D:2      | Learned a level 3 spell: Dazzling Flash
  1528 | D:3      | Reached skill level 1 in Hexes
  1650 | D:2      | Killed from afar by an orc wizard

Illustrated notes

Levels and vault maps discovered:
D:1:      roderic_crop_circles_arrival_small, layout_loops_ring, st_stairs_2
D:2:      layout_rooms, minmay_liquid_box
D:3:      layout_rooms, mainiacjoe_overflow_boulevard

Skill      XL: |  1  2  3 |
---------------+----------+-----
Spellcasting   | 4 |  4.3
Conjurations   | 5 |  5.1
Hexes          | 1 |  1.1
Dodging        | |  2.4
Stealth        | |  2.4

Action                     || total
---------------------------++-------
  Melee: Short sword       ||     1
   Cast: Magic Dart        ||    77
         Searing Ray       ||     2
 Armour: Robe              ||    12
  Dodge: Dodged            ||     5

Table legend: (Time is in decaauts)
 A = Elapsed time spent in this place.
 B = Non-inter-level travel time spent in this place.
 C = Inter-level travel time spent in this place.
 D = Time resting spent in this place.
 E = Time spent auto-exploring this place.
 F = Levels seen in this place.
 G = Mean time per level.
                   A        B        C        D        E       F      G
               +--------+--------+--------+--------+--------+-----+--------+
         Total |   1651 |   1631 |     20 |    292 |   1139 |   3 |  550.3 |
       Dungeon |   1651 |   1631 |     20 |    292 |   1139 |   3 |  550.3 |
               +--------+--------+--------+--------+--------+-----+--------+

Top non-repeatable levels by time:
     D:1: 923 daAuts
     D:2: 612 daAuts
     D:3: 115 daAuts
